 Dungeon Crawl Stone Soup version 0.29-a0-337-g68df138881 (console) character file.

Game seed: 13355183679669156021

1323 jejorda2 the Carver (level 8, -11/96 HPs)
             Began as a Merfolk Berserker on Apr 16, 2022.
             Was a Priest of Trog.
             Mangled by Menkaure (13 damage)
             ... on level 5 of the Dungeon.
             The game lasted 00:17:09 (8761 turns).

jejorda2 the Carver (Merfolk Berserker)             Turns: 8761, Time: 00:17:10

Health: -11/96     AC: 12    Str: 18    XL:     8   Next: 59%
Magic:  8/8        EV:  8    Int:  6    God:    Trog [***...]
Gold:   277        SH:  0    Dex: 15    Spells: 7/7 levels left

rFire   . . .      SeeInvis .   a - +0 falchion
rCold   . . .      Faith    .   (no shield)
rNeg    + . .      Spirit   .   x - +1 chain mail {rN+}
rPois   +          Reflect  .   w - +0 helmet
rElec   .          Harm     .   u - scarf {shadows}
rCorr   .          Rampage  .   (no gloves)
Will    .....                   g - +0 pair of boots
Stlth   ..........              z - amulet of the acrobat
HPRegen 0.26/turn               b - ring of poison resistance
MPRegen 0.11/turn               (no ring)

@: berserking, very quick
A: (nimble swimmer 2), mertail
a: Renounce Religion, Berserk, Trog's Hand


You were on level 5 of the Dungeon.
You worshipped Trog.
Trog was most pleased with you.
You visited 1 branch of the dungeon, and saw 6 of its levels.

You collected 288 gold pieces.
You spent 11 gold pieces at shops.

Inventory:

Hand Weapons
 a - a +0 falchion (weapon)
 i - a +2 dagger of venom
 A - the +7 mace of Misery {vorpal, rElec rPois rF+ MP-9}
   (You found it on level 3 of the Dungeon)

   It inflicts extra damage upon your enemies.
   rF:        It protects you from fire.
   rElec:     It insulates you from electricity.
   rPois:     It protects you from poison.
   MP:        It affects your magic capacity (-9).
Missiles
 e - 5 javelins
 j - 59 stones (quivered)
 n - 13 poisoned darts
 C - 2 throwing nets
Armour
 g - a +0 pair of boots (worn)
 u - a scarf of shadows (worn)
 w - a +0 helmet (worn)
 x - a +1 chain mail of positive energy (worn)
 H - a +0 kite shield
Jewellery
 b - a ring of poison resistance (left hand)
 z - an amulet of the acrobat (around neck)
 F - a ring of fire
Scrolls
 c - a scroll of magic mapping {unknown}
 h - 2 scrolls of fog {unknown}
 k - 7 scrolls of identify {unknown}
 m - 4 scrolls of vulnerability {unknown}
 p - 4 scrolls of enchant weapon {unknown}
 r - a scroll of enchant armour {unknown}
 v - a scroll of teleportation {unknown}
 y - 2 scrolls of immolation {unknown}
 B - a scroll of summoning {unknown}
 D - a scroll of noise {unknown}
 E - a scroll of blinking {unknown}
 G - a scroll of amnesia {unknown}
Potions
 d - a potion of brilliance {unknown}
 f - a potion of haste {unknown}
 l - 2 potions of curing {unknown}
 o - 6 potions of heal wounds {unknown}
 q - a potion of mutation {unknown}
 t - 2 potions of might {unknown}


   Skills:
 - Level 6.0 Fighting
 * Level 9.3 Long Blades
 + Level 4.0 Armour
 - Level 2.6 Dodging
 + Level 2.1 Shields


You had 7 spell levels left.
You didn't know any spells.
Your spell library was empty.

Dungeon Overview and Level Annotations

Branches:
Dungeon (6/15)
 Temple: D:4-7

Altars:
Nemelex Xobeh
Wu Jian

Shops:
D:2 ![[![   D:5 [

Annotations:
D:2 Sigmund
D:5 Menkaure


Innate Abilities, Weirdness & Mutations

((You are very nimble when in or above water. (Stealth+, EV+, Speed+++)))
Your lower body shifts to a powerful aquatic tail in water.


Message History

The steam dragon is almost dead.
The steam dragon bites you but does no damage.
The steam dragon claws you but does no damage.
You hit the steam dragon.
You kill the steam dragon!
Trog accepts your kill.
Your Armour skill increases to level 4!
Your Shields skill increases to level 2!
Items here: )) [ ÷ †.
You feel a strong urge to attack something.
You start resting.
You feel your anger nearly subside.
You are no longer berserk.
You are exhausted.
You feel yourself slow down.
You start resting.
You feel yourself speed up.
You start resting.
You recover from your berserk rage.
You start resting.
HP restored.
Items here: )) [ ÷.
There is a stone staircase leading down here.
You climb downwards.
Level annotation: Menkaure The ogre hits you with a +0 giant club!!
There is a stone staircase leading up, spattered with blood here.
Menkaure hits you.
The ogre hits you with a +0 giant club!!
* * * LOW HITPOINT WARNING * * *
You climb upwards.
There is a stone staircase leading down here.
A red film seems to cover your vision as you go berserk!
You feel yourself moving faster!
You feel mighty! Menkaure hits you!
* * * LOW HITPOINT WARNING * * *
You barely miss the ogre. The ogre hits you with a +0 giant club!
* * * LOW HITPOINT WARNING * * *
You slash the ogre!
The ogre is heavily wounded.
Menkaure hits you!
You die...

#.# #.# ##..........# #.#
#.# #........#.##
#.####.########
#.#.######..#
#.............# #.#.# ##.>
######.######.######.#.#####
### #.# #.........[....#####
#.# ###......#.......... #.#
#M##########.##### #.# #@#
#.# ####.# #O# #.# #....#
#.# #.# #.#### #.# #.###
#..# #.# #...# ## ##.# #.#
###.# .# #.# #.# #.# .# #.#
#.# ##.## .# #.# #.# ##<..##


You could see an ogre and Menkaure.

Vanquished Creatures
  A steam dragon (D:5)
  Duvessa (D:5)
  A water moccasin (D:5)
  A black bear (D:4)
  An ogre (D:4)
  A phantom (D:4)
  A bullfrog (D:6)
  A gnoll sergeant (D:5)
  A scorpion (D:5)
  Dowan (D:5)
  2 howler monkeys (D:6)
  A hound (D:5)
  An orc priest (D:5)
  An iguana (D:5)
  An orc wizard (D:4)
  9 gnolls
  6 adders
  A shadow imp (D:5)
  A white imp (D:5)
  2 ufetubi
  3 worms
  A dart slug (D:2)
  8 orcs
  13 ball pythons
  9 endoplasms
  3 giant cockroaches
  6 goblins
  9 hobgoblins
  3 jackals (D:4)
  8 quokkas
  4 bats
  11 frilled lizards
  11 kobolds
  6 rats
130 creatures vanquished.

Vanquished Creatures (others)
  An ice beast (D:6)
  4 toadstools (D:1)
5 creatures vanquished.

Grand Total: 135 creatures vanquished

Notes
Turn   | Place    | Note
-------+----------+-------------------------------------------
     0 | D:1      | jejorda2 the Merfolk Berserker began the quest for the Orb.
     0 | D:1      | Reached XP level 1. HP: 18/18 MP: 1/1
   372 | D:1      | Reached XP level 2. HP: 24/24 MP: 2/2
   376 | D:1      | Reached skill level 4 in Long Blades
  1697 | D:1      | Found a faded altar of an unknown god.
  1705 | D:1      | Reached XP level 3. HP: 23/29 MP: 3/3
  2054 | D:2      | Noticed Sigmund
  2328 | D:2      | Found Woudwueg's Armour Shop.
  2379 | D:2      | Reached ** piety under Trog
  2833 | D:2      | Found Eqosh's Distillery.
  2841 | D:2      | Found Irenizol's Antique Armour Emporium.
  2898 | D:2      | Reached XP level 4. HP: 25/37 MP: 4/4
  3029 | D:2      | Found Xirhueh's Armour Boutique.
  3152 | D:2      | Reached skill level 5 in Long Blades
  3178 | D:2      | Found Qeer's Distillery.
  3185 | D:2      | Bought a potion of degeneration for 11 gold pieces
  3780 | D:3      | Found an ornate altar of the Wu Jian Council.
  3782 | D:3      | Found a sparkling altar of Nemelex Xobeh.
  4569 | D:3      | Identified the +7 mace of Misery {vorpal, rElec rPois rF+
                  | MP-9}
  4780 | D:3      | Reached XP level 5. HP: 41/42 MP: 5/5
  5164 | D:4      | Reached *** piety under Trog
  5237 | D:4      | Noticed an ogre
  5246 | D:4      | Killed an ogre
  5247 | D:4      | Reached skill level 6 in Long Blades
  5247 | D:4      | Reached XP level 6. HP: 30/49 MP: 6/6
  5876 | D:4      | Noticed a black bear
  5884 | D:4      | Killed a black bear
  5885 | D:4      | Reached skill level 5 in Fighting
  5885 | D:4      | Reached skill level 7 in Long Blades
  5885 | D:4      | Reached XP level 7. HP: 18/56 MP: 7/7
  6445 | D:5      | Entered Level 5 of the Dungeon
  6853 | D:5      | Found Hufomec's Antique Armour Emporium.
  7282 | D:5      | Reached skill level 8 in Long Blades
  7973 | D:6      | Reached XP level 8. HP: 54/64 MP: 8/8
  8054 | D:6      | Noticed Duvessa
  8055 | D:6      | Noticed Dowan
  8145 | D:5      | Killed Duvessa
  8146 | D:5      | Reached skill level 1 in Shields
  8151 | D:5      | Killed Dowan
  8153 | D:5      | Reached skill level 9 in Long Blades
  8446 | D:6      | Noticed Menkaure
  8461 | D:5      | HP: 3/64 [steam dragon] (5)]
  8760 | D:5      | HP: 2/96 [ogre/+0 giant club (9)]
  8761 | D:5      | Mangled by Menkaure

Illustrated notes

Levels and vault maps discovered:
D:1:      ldierk_water_garden, layout_basic, serial_co_window_serial,
          co_window_corner_a, co_window_paths_a, co_window_of_opportunity_a,
          co_window_corner_a, co_window_corner_a, co_window_broadway_a,
          co_window_corner_cb, co_window_corner_b, co_window_paths_c,
          co_window_corner_ca, co_window_broadway_a, co_window_paths_e,
          glass_columns_b, hellmonk_ecumenical_altar_inner_sanctum,
          hangedman_abyss_or_decor_stabs
D:2:      minmay_thinvault, layout_rooms, serial_shops, shop_fountains,
          nicolae_shop_waterfront, shop, shop, shop, grunt_ministairs_4,
          hangedman_decor_push, lemuel_another_geyser, uniq_sigmund
D:3:      layout_loops_corners, mainiacjoe_overflow_catwalk_spiral
D:4:      layout_loops_ring, nrook_mini_backslash
D:5:      layout_loops_ring, serial_shops, shop
D:6:      layout_rooms, uniq_menkaure, uniq_duvessa, uniq_eustachio

Skill      XL: |  1  2  3  4  5  6  7  8 |
---------------+-------------------------+-----
Long Blades    | 4 5 6 7 8 9 |  9.3
Armour         | 2 3 4 |  4.0
Fighting       | 4 5 6 |  6.0
Shields        | 2 |  2.1
Dodging        | |  2.6

Action                   |  1- 3 |  4- 6 |  7- 9 || total
-------------------------+-------+-------+-------++-------
Melee: Falchion          |   153 |   195 |   188 ||   536
       Punch             |       |     2 |     7 ||     9
Throw: Stone             |     4 |    16 |       ||    20
Invok: Berserk           |     1 |     4 |     5 ||    10
       Trog's Hand       |       |       |     1 ||     1
 Stab: Sleeping          |     3 |       |       ||     3
Armor: Animal skin       |    25 |       |       ||    25
       Ring mail         |    12 |    72 |    42 ||   126
       Chain mail        |       |       |    25 ||    25
Dodge: Dodged            |    75 |    96 |   129 ||   300

Table legend: (Time is in decaauts)
 A = Elapsed time spent in this place.
 B = Non-inter-level travel time spent in this place.
 C = Inter-level travel time spent in this place.
 D = Time resting spent in this place.
 E = Time spent auto-exploring this place.
 F = Levels seen in this place.
 G = Mean time per level.
                   A        B        C        D        E       F      G
               +--------+--------+--------+--------+--------+-----+--------+
         Total |   8841 |   8591 |    250 |   1201 |   6213 |   6 | 1473.5 |
       Dungeon |   8841 |   8591 |    250 |   1201 |   6213 |   6 | 1473.5 |
               +--------+--------+--------+--------+--------+-----+--------+

Top non-repeatable levels by time:
     D:5: 1983 daAuts
     D:1: 1922 daAuts
     D:2: 1761 daAuts
     D:3: 1721 daAuts
     D:4: 1334 daAuts
     D:6: 118 daAuts
